 Dungeon Crawl Stone Soup version 0.29.0-11-gd7f09526c8 (webtiles) character file.

Game seed: 14972792176417164993

160 Arcadio the Sneak (level 5, -3/42 HPs)
             Began as a Naga Conjurer on Sept 2, 2022.
             Killed from afar by a white imp (7 damage)
             ... with a puff of frost
             ... summoned by Natasha
             ... on level 2 of the Dungeon.
             The game lasted 00:06:13 (3099 turns).

Arcadio the Sneak (Naga Conjurer)                   Turns: 3099, Time: 00:06:15

Health: -3/42      AC:  5    Str:  9    XL:     5   Next: 41%
Magic:  0/9        EV: 10    Int: 21    God:
Gold:   152        SH:  0    Dex:  9    Spells: 5/10 levels left

rFire   . . .      SeeInvis +   c - +0 dagger
rCold   . . .      Faith    .   (no shield)
rNeg    . . .      Spirit   .   a - +0 robe
rPois   +          Reflect  .   d - +0 helmet
rElec   .          Harm     .   (no cloak)
rCorr   .          Rampage  .   h - +1 pair of gloves
Will    .....                   (no barding)
Stlth   ++........              (no amulet)
HPRegen 0.14/turn               (no ring)
MPRegen 0.11/turn               (no ring)

@: very slow
A: AC +1, large, see invisible, deformed body, poison resistance, slowness 2,
spit poison 1, naga tail 1
a: Spit Poison


You were on level 2 of the Dungeon.
You visited 1 branch of the dungeon, and saw 3 of its levels.

You collected 152 gold pieces.

Inventory:

Hand Weapons
 c - a +0 dagger (weapon)
Armour
 a - a +0 robe (worn)
 d - a +0 helmet (worn)
 h - a +1 pair of gloves (worn)
 m - a +0 buckler
Wands
 n - a wand of polymorph (8)
Scrolls
 e - a scroll of blinking {unknown}
 f - a scroll of torment {unknown}
 j - a scroll of enchant weapon {unknown}
 l - a scroll of summoning {unknown}
 o - a scroll of magic mapping {unknown}
 p - a scroll of teleportation {unknown}
 r - 2 scrolls of identify {unknown}
Potions
 b - a potion of magic
 g - a potion of resistance {unknown}
 i - a potion of lignification {unknown}
 k - a potion of brilliance
 q - a potion of haste {unknown}


   Skills:
 + Level 2.6 Dodging
 + Level 4.9 Stealth
 + Level 3.0 Spellcasting
 + Level 4.7 Conjurations


You had 5 spell levels left.
You knew the following spells:

 Your Spells              Type           Power      Damage    Failure   Level
a - Magic Dart            Conj           92%        1d7       1%          1
b - Searing Ray           Conj           46%        2d6       2%          2
c - Blink                 Tloc           6%         N/A       21%         2

Your spell library contained the following spells:

 Spells                   Type           Power      Damage    Failure   Level
 Slow                     Hex            12%        N/A       13%         1
 Dazzling Flash           Conj/Hex       26%        N/A       16%         3
 Confusing Touch          Hex            3%         N/A       36%         3
 Vampiric Draining        Necr           3%         2d6       36%         3
 Fulminant Prism          Conj/Hex       6%         3d7       45%         4
 Iskenderun's Mystic Bla  Conj/Tloc      13%        2d5       45%         4
 Manifold Assault         Tloc           3%         N/A       98%         5
 Storm Form               Tmut/Air       1%         N/A       100%        7


Dungeon Overview and Level Annotations

Branches:
Dungeon (3/15) Zot: 14469

Altars:

Annotations:
D:2 Natasha


Innate Abilities, Weirdness & Mutations

Your serpentine skin is tough. (AC +1)
You have supernaturally acute eyesight. (SInv)
Armour fits poorly on your strangely shaped body.
Your system is resistant to poisons. (rPois)
You cover ground very slowly.
You can spit poison.
You have a snake-like lower body.


Message History

Natasha hisses.
The crimson imp hits you but does no damage.
You hit Natasha.
Natasha is heavily wounded.
Natasha barely misses you.
The crimson imp hits you but does no damage.
You hit Natasha.
Natasha is severely wounded.
Natasha claws you.
* * * LOW HITPOINT WARNING * * *
The crimson imp blinks!
You hit Natasha but do no damage.
Natasha is severely wounded.
Natasha mumbles some strange words.
Natasha's front paws start to glow.
Natasha completely misses you. The crimson imp barely misses you.
You closely miss Natasha.
Natasha is severely wounded.
Natasha seems less brilliant.
Natasha claws you.
* * * LOW HITPOINT WARNING * * *
The crimson imp blinks!
You barely miss Natasha.
Natasha is severely wounded.
Natasha closely misses you.
Casting: Searing Ray (safe; 2% risk of failure)
Confirm with . or Enter, or press ? or * to list all spells.
Aiming: Magic Dart (safe; 1% risk of failure)
Press: ? - help, Shift-Dir - straight line, f - Natasha
Aim: Natasha (severely wounded, 100% to hit)
The magic dart hits Natasha.
Natasha is severely wounded.
Natasha mumbles some strange words.
Unknown command.
You hit Natasha but do no damage.
Natasha is severely wounded.
Natasha claws you.
* * * LOW HITPOINT WARNING * * *
The white imp gestures at you. The puff of frost hits you!
You die...

#####
############...#
.....55h@5...#.#
############...#
##.## #.# #.##
#..# ##.# #.#
#.#


You could see Natasha, a crimson imp (summoned) and 2 white imps.

Vanquished Creatures
  Natasha (twice) (D:2)
  Robin (D:2)
  3 adders (D:2)
  A worm (D:2)
  A dart slug (D:1)
  7 ball pythons
  2 bats
  5 endoplasms
  5 giant cockroaches
  10 goblins
  8 hobgoblins
  4 jackals (D:1)
  A quokka (D:2)
  6 frilled lizards
  3 kobolds
  4 rats
63 creatures vanquished.

Notes
Turn   | Place    | Note
-------+----------+-------------------------------------------
     0 | D:1      | Arcadio the Naga Conjurer began the quest for the Orb.
     0 | D:1      | Reached XP level 1. HP: 15/15 MP: 3/3
   269 | D:1      | Reached XP level 2. HP: 17/22 MP: 5/5
   339 | D:1      | Found a faded altar of an unknown god.
   513 | D:1      | Learned a level 2 spell: Searing Ray
   554 | D:1      | Reached XP level 3. HP: 28/28 MP: 2/6
   942 | D:1      | Learned a level 2 spell: Blink
  1215 | D:2      | Noticed Natasha
  1222 | D:2      | Killed Natasha
  1223 | D:2      | Reached XP level 4. HP: 30/36 MP: 0/7
  1796 | D:2      | Noticed Robin
  1809 | D:2      | Noticed Natasha
  2294 | D:2      | Killed Robin
  2450 | D:2      | Killed Natasha
  2451 | D:2      | Reached XP level 5. HP: 36/42 MP: 3/9
  3076 | D:2      | Noticed Natasha
  3099 | D:2      | Killed from afar by a white imp

Illustrated notes

Levels and vault maps discovered:
D:1:      minmay_arrival_cross, layout_basic,
          shapermc_ecumenical_altar_starsandcircs
D:2:      layout_loops_ring, chequers_serial_rivers_large_b,
          minmay_increasing_density, uniq_robin, uniq_natasha
D:3:      layout_basic, nicolae_uskayaw_en_pointe, serial_rivers,
          chequers_serial_rivers_small_3, chequers_serial_rivers_micro_c,
          chequers_serial_rivers_large_a, chequers_serial_rivers_small_3,
          chequers_serial_rivers_micro_a

Skill      XL: |  1  2  3  4  5 |
---------------+----------------+-----
Dodging        | 2 |  2.6
Stealth        | 4 |  4.9
Spellcasting   | 3 |  3.0
Conjurations   | |  4.7

Action                   |  1- 3 |  4- 6 || total
-------------------------+-------+-------++-------
Melee: Dagger            |    21 |    64 ||    85
 Cast: Magic Dart        |    38 |    33 ||    71
       Searing Ray       |     2 |    11 ||    13
 Abil: Spit Poison       |     4 |       ||     4
 Stab: Sleeping          |     2 |     3 ||     5
Armor: Robe              |     3 |    35 ||    38
       Skin              |       |    10 ||    10
Dodge: Dodged            |    17 |    78 ||    95
